 Dungeon Crawl Stone Soup version 0.30-a0-34-gbe8da3892a (webtiles) character file.

Game seed: 12188554447771143411

27216 ytrimaz the Martial Artist (level 13, -4/133 HPs)
             Began as an Octopode Transmuter on Aug 28, 2022.
             Was a Believer of Ashenzari.
             Slain by a tyrant leech (22 damage)
             ... on level 3 of the Lair of Beasts.
             The game lasted 00:22:12 (16317 turns).

ytrimaz the Martial Artist (Octopode Transmuter)   Turns: 16317, Time: 00:22:12

Health: -4/133     AC: 26    Str:  9    XL:     13   Next: 31%
Magic:  37/37      EV:  2    Int: 20    God:    Ashenzari [**....]
Gold:   938        SH:  0    Dex: 13    Spells: 24/34 levels left

rFire   + + .      SeeInvis +      - Unarmed
rCold   + . .      Faith    .    (no shield)
rNeg    + . .      Spirit   .    (helmet currently unavailable)
rPois   +          Reflect  .    e - amulet of the Ensconced Jealousy {Regen+, Bglg, Elem} (curse)
rElec   .          Harm     .    c - ring of protection from cold
rCorr   +          Rampage  .    k - ring of Supernal Wisdom {rF+, Melee, Comp} (curse)
Will    .....      NoTele   +    q - ring of positive energy
Stlth   +++++.....               r - ring "Astral Urgency" {rCorr, Cun, Comp} (curse)
HPRegen 1.12/turn                s - ring of protection from fire
MPRegen 0.25/turn                A - ring "Ruined Unpleasantness" {MP+9, Cun, Self} (curse)
                                 (no ring)
                                 (no ring)

@: tree-form, slowed, very slow
A: stationary, stasis, torment immunity, boosted hp, almost no armour,
(amphibious), 8 rings, (camouflage 1), (gelatinous body 1), (nimble swimmer 1),
(tentacles)
a: Renounce Religion, Curse Item, Shatter the Chains


You were on level 3 of the Lair of Beasts.
You worshipped Ashenzari.
Ashenzari was pleased with you.
You were a tree.
You visited 3 branches of the dungeon, and saw 16 of its levels.

You collected 2224 gold pieces.
You spent 1286 gold pieces at shops.

Inventory:

Missiles
 I - a throwing net
Jewellery
 c - a ring of protection from cold (left branch)
 e - the cursed amulet of the Ensconced Jealousy (around neck) {Regen+, Bglg, Elem}
   (You bought it in a shop on level 3 of the Dungeon)

   [amulet of regeneration]

   Regen:     It increases your rate of health regeneration.
   It has a curse which improves the following skills: Beguiling: Conjurations,
   Hexes and Translocations.
   Elements:  Fire Magic, Ice Magic, Air Magic and Earth Magic.
 k - the cursed ring of Supernal Wisdom (right branch) {rF+, Melee, Comp}
   (You found it on level 3 of the Dungeon)

   [ring of protection from fire]

   rF:        It protects you from fire.
   It has a curse which improves the following skills: Melee Combat: Short
   Blades, Long Blades, Axes, Maces & Flails, Polearms, Staves and Unarmed
   Combat.
   Companions: Summonings and Necromancy.
 q - a ring of positive energy (on tentacle)
 r - the cursed ring "Astral Urgency" (on tentacle) {rCorr, Cun, Comp}
   (You bought it in a shop on level 3 of the Dungeon)

   [ring of resist corrosion]

   rCorr:     It protects you from acid and corrosion.
   It has a curse which improves the following skills: Cunning: Dodging and
   Stealth.
   Companions: Summonings and Necromancy.
 s - a ring of protection from fire (on tentacle)
 A - the cursed ring "Ruined Unpleasantness" (on tentacle) {MP+9, Cun, Self}
   (You found it on level 9 of the Dungeon)

   [ring of magical power]

   MP:        It affects your magic capacity (+9).
   It has a curse which improves the following skills: Cunning: Dodging and
   Stealth.
   Introspection: Fighting and Spellcasting.
Wands
 b - a wand of digging (10)
 j - a wand of paralysis (7)
 x - a wand of flame (26)
 y - a wand of light (18)
 G - a wand of roots (8)
Scrolls
 g - 2 scrolls of teleportation
 h - 5 scrolls of immolation
 l - 3 scrolls of enchant weapon
 m - 3 scrolls of fear
 o - 2 scrolls of summoning
 u - a scroll of blinking
 D - 2 scrolls of amnesia
 E - a scroll of brand weapon
 F - a scroll of fog
 H - a scroll of enchant armour
Potions
 a - a potion of lignification
 d - 2 potions of haste
 f - 4 potions of attraction
 i - a potion of magic
 n - 4 potions of flight
 p - 3 potions of mutation
 t - a potion of brilliance
 v - 3 potions of might
 w - 3 potions of resistance
 z - 2 potions of cancellation
 B - 2 potions of curing
 C - 3 potions of heal wounds


   Skills:
 + Level 7.2(8.5) Fighting
 + Level 7.6(9.6) Dodging
 - Level 10.0(11.9) Stealth
 * Level 10.2(11.4) Unarmed Combat
 - Level 10.0(11.2) Spellcasting
 - Level 10.1 Transmutations
 - Level 4.0(5.1) Ice Magic
 - Level 4.3 Poison Magic


You had 24 spell levels left.
You knew the following spells:

 Your Spells              Type           Power      Damage    Failure   Level
a - Beastly Appendage     Tmut           100%       N/A       1%          1
b - Wereblood             Tmut           51%        N/A       1%          2
c - Spider Form           Tmut/Pois      40%        N/A       1%          3
d - Ice Form              Ice/Tmut       41%        N/A       2%          4

Your spell library contained the following spells:

 Spells                   Type           Power      Damage    Failure   Level
 Freeze                   Ice            100%       1d11      1%          1
 Frozen Ramparts          Ice            62%        1d10      2%          3
 Blade Hands              Tmut           25%        N/A       2%          5
 Necrotise                Necr           48%        1d6       5%          1
 Summon Small Mammal      Summ           48%        N/A       5%          1
 Apportation              Tloc           22%        N/A       6%          1
 Sublimation of Blood     Necr           12%        N/A       9%          2
 Call Canine Familiar     Summ           12%        N/A       17%         3
 Dazzling Flash           Conj/Hex       22%        N/A       17%         3
 Portal Projectile        Hex/Tloc       22%        N/A       17%         3
 Summon Guardian Golem    Hex/Summ       11%        N/A       17%         3
 Tukima's Dance           Hex            11%        N/A       17%         3
 Hailstorm                Conj/Ice       21%        3d6       21%         4
 Iskenderun's Mystic Bla  Conj/Tloc      11%        2d4       50%         4
 Starburst                Conj/Fire      5%         6d4       100%        6
 Summon Hydra             Summ           6%         N/A       100%        7


Dungeon Overview and Level Annotations

Branches:
Dungeon (12/15)            Temple (1/1) D:6            Lair (3/5) D:10
 Spider (0/4) Lair:2          Orc (0/2) D:9
  Swamp: Lair:2-3    Shoals: Lair:2-3

Altars:
Ashenzari
Cheibriados
Dithmenos
Elyvilon
Fedhas
Gozag
Hepliaklqana
Kikubaaqudgha
Makhleb
Nemelex Xobeh
Okawaru
Qazlal
Ru
Sif Muna
Trog
Uskayaw
Vehumet
Wu Jian
Xom
Yredelemnul
Zin
The Shining One

Shops:
D:3 =   D:7 =   D:8 (   D:10 ?

Annotations:
D:9 1 runed translucent door, flotson's ghost, novice DsDe
D:10 2 transporters, CapnGoof's ghost, journeyman HOFE


Innate Abilities, Weirdness & Mutations

You are a tree.
Your roots penetrate the ground, keeping you stationary.
You cannot be teleported.
You are immune to unholy pain and torment.
Your maximum health is greatly increased.
You cannot wear most types of armour.
((You are amphibious.))
You can wear up to eight rings at the same time.
((Your skin changes colour to match your surroundings (Stealth+).))
((Your rubbery body absorbs attacks. (AC +1, EV +1)))
((You are camouflaged when in or above water. (Stealth+)))
((You have tentacles for arms and can constrict up to eight enemies at once.))


Message History

You punch the bullfrog!
The bullfrog seems to slow down.
You freeze the bullfrog.
You kill the bullfrog!
A tyrant leech comes into view.
You open the door. The tyrant leech bites you!!
The tyrant leech draws strength from your injuries!
The tyrant leech misses you.
The tyrant leech attacks as you move away!
The tyrant leech misses you.
Things that are here:
a +2 hat; a potion of curing You hit the fungus.
The fungus begins to die.
You freeze the fungus.
The fungus is lightly damaged.
The tyrant leech bites you.
You are too injured to fight recklessly!
You barely miss the tyrant leech.
The tyrant leech bites you but does no damage.
You are too injured to fight recklessly!
You punch the tyrant leech! You freeze the tyrant leech.
The tyrant leech is lightly wounded.
A nearby fungus withers and dies.
The tyrant leech bites you!
* * * LOW HITPOINT WARNING * * *
The tyrant leech draws strength from your injuries!
You are too injured to fight recklessly!
You barely miss the tyrant leech.
The tyrant leech is lightly wounded.
You hit the tyrant leech. You freeze the tyrant leech.
The tyrant leech is moderately wounded.
The tyrant leech bites you!!
* * * LOW HITPOINT WARNING * * *
The tyrant leech draws strength from your injuries!
You closely miss the tyrant leech.
The tyrant leech is lightly wounded.
The tyrant leech barely misses you.
Unknown command.
Really quaff the potion of lignification?
You warm up again.
You turn into a tree.
Your roots penetrate the ground.
The tyrant leech bites you!!
You die...

*, #### * ~ , ,
####.P####
#........* *
#.......## ,
,.###.......♣##**
,* ........<..w.#
, , ,
.+.......'.....#
, ,
#.......####### ,
#..<....# , ,
#..+##.## , * ###
,..# , #... * , ,
#..#., * ,


You could see a tyrant leech.

Vanquished Creatures
  Gastronok (Lair:3)
  A hydra (Lair:1)
  Erica (D:8)
  A death yak (D:10)
  Pikel (D:7)
  2 black mambas (Lair:2)
  Joseph (D:7)
  3 cane toads
  3 gargoyles
  4 komodo dragons
  A troll (D:12)
  3 blink frogs (Lair:1)
  4 slime creatures (D:12)
  Sigmund (D:3)
  A shadow (D:9)
  2 culicivoras (Lair:2)
  A wraith (D:11)
  2 wyverns
  21 yaks
  3 basilisks
  2 steam dragons (D:9)
  4 vampire mosquitoes (D:12)
  Menkaure (D:4)
  8 water moccasins
  4 acid dragons
  Duvessa (D:7)
  A black bear (D:7)
  An orc warrior (D:10)
  A sky beast (D:7)
  2 ogres
  2 centaurs (D:6)
  A kobold brigand (D:9)
  9 bullfrogs
  4 scorpions
  A necrophage (D:8)
  8 wights
  Dowan (D:7)
  17 killer bees (D:9)
  5 howler monkeys
  4 hounds
  6 jellies
  5 orc priests
  4 iguanas
  12 orc wizards
  25 gnolls
  4 adders
  2 white imps
  2 ufetubi
  A worm (D:5)
  3 dart slugs
  39 orcs
  4 endoplasms
  3 giant cockroaches
  10 goblins
  4 hobgoblins
  17 jackals
  9 kobolds
  A quokka (D:4)
  7 ball pythons
  7 bats
  3 frilled lizards
  5 rats
307 creatures vanquished.

Vanquished Creatures (others)
  A two-headed ogre (D:10)
  3 fungi
  A plant (D:5)
5 creatures vanquished.

Grand Total: 312 creatures vanquished

Notes
Turn   | Place    | Note
-------+----------+-------------------------------------------
     0 | D:1      | ytrimaz the Octopode Transmuter began the quest for the
                  | Orb.
     0 | D:1      | Reached XP level 1. HP: 13/13 MP: 3/3
     1 | D:1      | Noticed an electric eel
   470 | D:1      | Reached XP level 2. HP: 18/18 MP: 3/5
  1680 | D:2      | Reached XP level 3. HP: 16/23 MP: 4/6
  1913 | D:2      | Identified a scroll of acquirement
  1946 | D:2      | Learned a level 2 spell: Wereblood
  1950 | D:2      | Learned a level 3 spell: Spider Form
  2449 | D:2      | Reached XP level 4. HP: 28/28 MP: 3/7
  3112 | D:3      | Reached skill level 1 in Poison Magic
  3130 | D:3      | Noticed Sigmund
  3136 | D:3      | Killed Sigmund
  3137 | D:3      | Reached XP level 5. HP: 33/33 MP: 7/9
  3137 | D:3      | Reached XP level 6. HP: 38/38 MP: 7/10
  3389 | D:3      | Found a basalt altar of Yredelemnul.
  3663 | D:3      | Found Hesa Fow's Jewellery Shop.
  3670 | D:3      | Acquired 1127 gold pieces
  3675 | D:3      | Bought an amulet of regeneration for 390 gold pieces
  3675 | D:3      | Bought a ring of positive energy for 260 gold pieces
  3675 | D:3      | Bought a ring of resist corrosion for 260 gold pieces
  3675 | D:3      | Bought a ring of protection from fire for 325 gold pieces
  3762 | D:3      | Learned a level 4 spell: Ice Form
  3766 | D:3      | Found a faded altar of an unknown god.
  4092 | D:4      | Reached skill level 1 in Ice Magic
  4092 | D:4      | Reached XP level 7. HP: 32/43 MP: 7/12
  4250 | D:4      | Found an opulent altar of Gozag.
  4459 | D:4      | Noticed Menkaure
  4476 | D:4      | Killed Menkaure
  5153 | D:5      | Entered Level 5 of the Dungeon
  5251 | D:5      | Found an iron altar of Okawaru.
  5647 | D:5      | Reached XP level 8. HP: 44/48 MP: 4/14
  6337 | D:5      | Reached skill level 5 in Transmutations
  6512 | D:5      | Reached skill level 5 in Spellcasting
  6812 | D:6      | Found a staircase to the Ecumenical Temple.
  6913 | Temple   | Entered the Ecumenical Temple
  7067 | Temple   | Became a worshipper of Ashenzari the Shackled
  7273 | D:6      | Reached XP level 9. HP: 53/53 MP: 13/18
  8215 | D:7      | Found Irrahin's Jewellery Emporium.
  8231 | D:7      | Noticed Duvessa
  8231 | D:7      | Noticed Dowan
  8243 | D:7      | Killed Duvessa
  8246 | D:7      | Killed Dowan
  8738 | D:7      | Noticed Joseph
  8884 | D:7      | Noticed Pikel
  8913 | D:7      | Killed Pikel
  8914 | D:7      | Reached XP level 10. HP: 30/58 MP: 18/22
  9053 | D:7      | HP: 1/58 [Joseph/+0 quarterstaff (13)]
  9057 | D:7      | Killed Joseph
  9530 | D:8      | Noticed Erica
  9579 | D:8      | Killed Erica
  9682 | D:8      | Reached skill level 10 in Transmutations
  9720 | D:8      | Identified the +6 ring mail "Qillyiff" {Rampage *Corrode
                  | rF+ rN+ Dex+4}
 10162 | D:8      | Found Mintoh's Weapon Shop.
 10451 | D:9      | Reached * piety under Ashenzari
 10551 | D:9      | Found a staircase to the Orcish Mines.
 10691 | D:9      | Found a runed translucent door.
 10691 | D:9      | Noticed a seven-headed hydra
 10691 | D:9      | Noticed flotson's ghost (novice DsDe)
 10757 | D:9      | Reached skill level 5 in Unarmed Combat
 11005 | D:9      | Reached XP level 11. HP: 66/66 MP: 24/24
 11473 | D:10     | Entered Level 10 of the Dungeon
 11502 | D:10     | Noticed a two-headed ogre
 11510 | D:10     | Noticed a cyclops
 11526 | D:10     | Found a transporter.
 11540 | D:10     | Noticed CapnGoof's ghost (journeyman HOFE)
 11557 | D:10     | Found a transporter.
 11588 | D:10     | Killed a two-headed ogre
 11615 | D:10     | Found Rokumaisoch's Magic Scroll Emporium.
 11618 | D:10     | Bought a scroll of teleportation for 51 gold pieces
 11920 | D:10     | Reached skill level 10 in Spellcasting
 11947 | D:10     | Noticed a death yak
 12231 | D:10     | Killed a death yak
 12445 | D:10     | Found a staircase to the Lair.
 13009 | D:11     | Reached ** piety under Ashenzari
 13093 | D:11     | Reached skill level 5 in Fighting
 13390 | D:11     | Reached skill level 5 in Dodging
 13390 | D:11     | Reached skill level 10 in Stealth
 13390 | D:11     | Reached XP level 12. HP: 67/80 MP: 27/27
 14387 | Lair:1   | Entered Level 1 of the Lair of Beasts
 14860 | Lair:1   | Noticed a five-headed hydra
 14870 | Lair:1   | Killed a five-headed hydra
 14871 | Lair:1   | Reached XP level 13. HP: 34/88 MP: 28/28
 15769 | Lair:2   | Found a hole to the Spider Nest.
 15796 | Lair:2   | Reached skill level 10 in Unarmed Combat
 16293 | Lair:3   | Noticed Gastronok
 16304 | Lair:3   | Killed Gastronok
 16317 | Lair:3   | Slain by a tyrant leech

Illustrated notes

Levels and vault maps discovered:
D:1:      arrival_aquarium_a, layout_loops_corners, minmay_liquid_box
D:2:      layout_loops_corners
D:3:      layout_loops_ring, mainiacjoe_overflow_small_starburst, serial_shops,
          shop_fountains, shapermc_ecumenical_altar_mp_highgroup,
          minmay_misc_feat_cross, minmay_misc_feat_square, uniq_sigmund
D:4:      layout_basic, grunt_gozag_statues, patterned_corridor, uniq_menkaure
D:5:      lemuel_castle_with_subvaults [lemuel_castle_interior_carwin_1],
          layout_gridville, kennysheep_okawaru_gauntlet,
          hangedman_decor_diamond_cutter
D:6:      layout_basic, minmay_temple_entry_large_hall,
          chequers_serial_rivers_micro_c, minmay_misc_feat_iff
D:7:      layout_rooms, serial_shops, nicolae_shop_trees, uniq_joseph,
          uniq_pikel, uniq_duvessa
D:8:      layout_loops_corners, serial_shops, nicolae_take_the_stairs,
          minmay_misc_feat_tiny, uniq_erica
D:9:      layout_loops_corners, orc_0_dummy, ebering_ghost_inner_flame
D:10:     layout_gridville, david_lair_generic, nzn_ghost_randoct, serial_shops,
          kennysheep_mini_moat
D:11:     layout_loops_cross
D:12:     layout_roguey
Temple:   nicolae_temple_bog_church
Lair:1:   layout_cave_shapes
Lair:2:   layout_cave_pods, hellmonk_spider_entry_life_and_decay,
          grunt_megastairs_2
Lair:3:   layout_roguey, minmay_swamp_entry_worms, serial_bayou_shore_b,
          grunt_megastairs_5, serial_bayou_shore_a, uniq_gastronok, uniq_fannar

Skill      XL: |  1  2  3  4  5  6  7  8  9 10 11 12 13 |
---------------+----------------------------------------+-----
Unarmed Combat | 4 5 7 9 10 | 10.2
Poison Magic   | 3 4 |  4.3
Transmutations | 3 4 6 8 10 | 10.1
Spellcasting   | 3 4 6 8 9 10 | 10.0
Ice Magic      | 1 3 4 |  4.0
Fighting       | 2 5 6 7 |  7.2
Dodging        | 5 6 7 |  7.6
Stealth        | 10 | 10.0

Action                   |  1- 3 |  4- 6 |  7- 9 | 10-12 | 13-15 || total
-------------------------+-------+-------+-------+-------+-------++-------
Melee: Unarmed           |    62 |    68 |   394 |   505 |    84 ||  1113
       Constrict         |    11 |    10 |     7 |     1 |       ||    29
       Punch             |     4 |     3 |       |       |       ||     7
       Tentacles         |     8 |     9 |    11 |     2 |       ||    30
       Kick              |     9 |    13 |       |       |       ||    22
 Cast: Beastly Appendage |    12 |    11 |       |       |       ||    23
       Spider Form       |     1 |     4 |    22 |     4 |       ||    31
       Wereblood         |       |     1 |     9 |     9 |       ||    19
       Ice Form          |       |       |    24 |    49 |    16 ||    89
Invok: Curse Item        |       |       |       |     4 |       ||     4
  Use: Scroll            |     3 |     7 |     8 |     2 |       ||    20
       Potion            |       |     1 |     1 |    10 |     1 ||    13
 Stab: Sleeping          |     5 |     5 |     2 |     6 |     4 ||    22
       Distracted        |       |     1 |       |       |       ||     1
Armor: Skin              |     5 |     8 |   111 |   155 |    12 ||   291
Dodge: Dodged            |    39 |    60 |   278 |   248 |    36 ||   661

Table legend: (Time is in decaauts)
 A = Elapsed time spent in this place.
 B = Non-inter-level travel time spent in this place.
 C = Inter-level travel time spent in this place.
 D = Time resting spent in this place.
 E = Time spent auto-exploring this place.
 F = Levels seen in this place.
 G = Mean time per level.
                   A        B        C        D        E       F      G
               +--------+--------+--------+--------+--------+-----+--------+
         Total |  16220 |  15694 |    526 |   1405 |  11371 |  16 | 1013.8 |
       Dungeon |  14150 |  13677 |    473 |   1315 |   9873 |  12 | 1179.2 |
        Temple |    161 |    149 |     12 |      0 |    131 |   1 |  161.0 |
          Lair |   1907 |   1866 |     41 |     90 |   1367 |   3 |  635.7 |
               +--------+--------+--------+--------+--------+-----+--------+

Top non-repeatable levels by time:
     D:1: 1639 daAuts
     D:5: 1574 daAuts
     D:9: 1460 daAuts
     D:2: 1422 daAuts
     D:6: 1406 daAuts
     D:4: 1171 daAuts
  Lair:2: 1136 daAuts
    D:10: 1072 daAuts
     D:8: 981 daAuts
     D:7: 958 daAuts
     D:3: 901 daAuts
    D:11: 787 daAuts
    D:12: 773 daAuts
  Lair:1: 743 daAuts
  Temple: 161 daAuts
